 Dungeon Crawl Stone Soup version 0.30-a0-711-gf4ac18a38d (webtiles) character file.

Game seed: 8466217265571276396

33513 drugrobin the Brawler (level 13, -2/119 HPs)
             Began as a Demigod Delver on Jan 23, 2023.
             Slain by a death yak (12 damage)
             ... on level 5 of the Lair of Beasts.
             The game lasted 00:54:33 (23741 turns).

drugrobin the Brawler (Demigod Delver)             Turns: 23741, Time: 00:54:33

Health: -2/119     AC: 10    Str: 21    XL:     13   Next: 8%
Magic:  22/22      EV: 12    Int: 16    God:
Gold:   1181       SH:  0    Dex: 19    Spells: 11/20 levels left

rFire   + . .      SeeInvis .      - Unarmed
rCold   . . .      Faith    .    (no shield)
rNeg    . . .      Spirit   .    U - +2 leather armour {rF+}
rPois   .          Reflect  +    (no helmet)
rElec   .          Harm     .    X - +2 cloak {Will+}
rCorr   +          Rampage  .    H - +1 pair of gloves
Will    +++..                    (no boots)
Stlth   +                        T - amulet of reflection
HPRegen 0.39/turn                N - ring of willpower
MPRegen 0.18/turn                p - ring of resist corrosion

@: confused, ambrosia-drunk, studying 3 skills
A: high MP 1, forlorn, divine attributes
a: no special abilities


You were on level 5 of the Lair of Beasts.
You visited 2 branches of the dungeon, and saw 14 of its levels.
You also visited: Ossuary and Ice Cave.

You collected 1660 gold pieces.
You spent 479 gold pieces at shops.

Inventory:

Hand Weapons
 b - the +2 sling of Gucrum {flame, Int+2}
   (You took it off a centaur warrior on level 8 of the Dungeon)

   Int:       It affects your intelligence (+2).
 c - the +6 dagger of Wrongful Imprisonment {venom, rPois rCorr}
   (You found it on level 5 of the Lair of Beasts)

   rPois:     It protects you from poison.
   rCorr:     It protects you from acid and corrosion.
 g - a +1 war axe of flaming
Missiles
 B - 24 poisoned darts
 F - 10 boomerangs (quivered)
Armour
 a - a +2 robe of willpower
 n - a +0 scale mail of cold resistance
 G - a +1 chain mail of positive energy
 H - a +1 pair of gloves (worn)
 U - a +2 leather armour of fire resistance (worn)
 X - a +2 cloak of willpower (worn)
Magical Staves
 m - a staff of poison
 M - a staff of conjuration
Jewellery
 p - a ring of resist corrosion (right hand)
 J - an amulet of magic regeneration
 L - a ring of positive energy
 N - a ring of willpower (left hand)
 O - a ring of ice
 R - a ring of ice
 T - an amulet of reflection (around neck)
Wands
 f - a wand of digging (2)
 h - a wand of mindburst (18)
 I - a wand of roots (8)
 S - a wand of polymorph (7)
 W - a wand of paralysis (18)
Scrolls
 d - a scroll of magic mapping
 i - 2 scrolls of blinking
 l - 7 scrolls of teleportation
 r - a scroll of enchant armour
 s - 2 scrolls of enchant weapon
 u - 4 scrolls of poison
 v - 3 scrolls of identify
 x - 5 scrolls of fog
 y - 3 scrolls of immolation
 A - a scroll of silence
 C - 4 scrolls of summoning
 D - 3 scrolls of vulnerability
 Q - 4 scrolls of torment
Potions
 e - 3 potions of haste
 k - 4 potions of lignification
 o - 6 potions of attraction
 t - 3 potions of curing
 w - 4 potions of heal wounds
 z - 2 potions of might
 E - a potion of cancellation
 K - 2 potions of invisibility
 Y - 2 potions of resistance {unknown}
Miscellaneous
 q - a phial of floods
 P - a lightning rod (4/4)
 V - a box of beasts


   Skills:
 + Level 12.7 Fighting
 - Level 1.7 Dodging
 - Level 4.5 Stealth
 * Level 18.2 Unarmed Combat
 - Level 4.0 Spellcasting


You had 11 spell levels left.
You knew the following spells:

 Your Spells              Type           Power      Damage    Failure   Level
a - Tukima's Dance        Hex            3%         N/A       50%         3
b - Blade Hands           Tmut           1%         N/A       99%         5
c - Summon Small Mammal   Summ           12%        N/A       19%         1

Your spell library contained the following spells:

 Spells                   Type           Power      Damage    Failure   Level
 Apportation              Tloc           6%         N/A       19%         1
 Magic Dart               Conj           12%        1d3       19%         1
 Necrotise                Necr           12%        1d4       19%         1
 Searing Ray              Conj           6%         2d4       28%         2
 Portal Projectile        Hex/Tloc       6%         N/A       50%         3
 Airstrike                Air            1%         2d(1-17)  88%         4
 Fulminant Prism          Conj/Hex       1%         3d5       88%         4
 Summon Ice Beast         Ice/Summ       3%         N/A       88%         4
 Summon Lightning Spire   Summ/Air       3%         N/A       88%         4
 Lightning Bolt           Conj/Air       1%         1d12      99%         5
 Summon Mana Viper        Hex/Summ       3%         N/A       99%         5
 Monstrous Menagerie      Summ           1%         N/A       100%        7


Dungeon Overview and Level Annotations

Branches:
Dungeon (9/15)             Temple (0/1) D:6            Lair (5/5) D:8
  Swamp (0/4) Lair:2        Snake (0/4) Lair:2        Slime (0/5) Lair:5
Ossuary (visited)           IceCv (visited)
    Orc: D:9-12

Shops:
D:1 *

Annotations:
D:4 3 runed translucent doors, zinnoa's ghost, amateur MeWr
Lair:5 2 transporters, exclusion: 2 oklob plants, drewk1942's ghost, journeyman GrEE


Innate Abilities, Weirdness & Mutations

You have an increased reservoir of magic. (+10% MP)
You shall have no god before yourself.
Your divine heritage dramatically boosts your attributes as you level up.


Message History

Unknown command.
Unknown command.
Unknown command.
Unknown command.
You punch the death yak!
The death yak is severely wounded.
The bush looks more healthy.
Unknown command.
Unknown command.
Unknown command.
Unknown command.
Unknown command.
Unknown command.
Unknown command.
Unknown command.
Unknown command.
Unknown command.
Unknown command.
Unknown command.
Unknown command.
Unknown command.
Unknown command.
You punch the death yak!
The death yak is almost dead.
The death yak gores you.
* * * LOW HITPOINT WARNING * * *
Unknown command.
Unknown command.
Unknown command.
Unknown command.
Unknown command.
Unknown command.
Unknown command.
Unknown command.
Unknown command.
Unknown command.
You barely miss the death yak.
The death yak is almost dead.
The death yak gores you!
You die...

#..## ##..# #..Y# #..##
#...## #...# #....# ##.P.#
##...### #....## #.....#####
##P....##
##......P.########.....P.###
##P..÷.......##..P.......†.
###.....Y@...††........P.P
##.....P.####.P........P
##....### ##.........#
###### ###..P.P... ##..P.P.P
##..P... ##.....# ###
####### ##.#..... #.###
#.#.#.####.#####..


You could see a death yak (very poisoned).

Vanquished Creatures
  A reaper (IceCv)
  4 centaur warriors (D:8)
  A two-headed ogre (D:8)
  A catoblepas (Lair:5)
  Amaemon (Lair:2)
  12 elephants
  2 black mambas
  A torpor snail (Lair:2)
  An ice statue (IceCv)
  An orange demon (Lair:2)
  11 cane toads
  A rime drake (Lair:4)
  2 kobold demonologists (D:8)
  6 komodo dragons
  2 anaconda simulacra (IceCv)
  A troll (D:8)
  A meliai (D:8)
  3 polar bears
  2 dream sheep (Lair:2)
  6 blink frogs
  Sigmund (D:5)
  3 wyverns (D:8)
  A dire elephant simulacrum (IceCv)
  5 wraiths
  20 yaks
  4 basilisks
  3 steam dragons
  2 harpy simulacra (IceCv)
  3 death yak simulacra (IceCv)
  3 nagas (Lair:2)
  Edmund (D:5)
  20 water moccasins
  2 orc warriors
  A sky beast (D:8)
  4 black bears
  An ogre (D:4)
  2 ice beasts
  7 wolves
  2 centaurs
  2 phantoms (D:5)
  A kobold brigand (D:8)
  11 bullfrogs
  A gnoll sergeant (D:8)
  A necrophage (D:7)
  6 two-headed ogre simulacra (IceCv)
  2 cane toad simulacra (IceCv)
  2 water moccasin zombies (D:5)
  A wyvern skeleton (D:5)
  A scorpion (D:5)
  5 wights
  An elephant simulacrum (IceCv)
  A howler monkey (D:8)
  2 hounds
  5 bullfrog zombies (D:5)
  A centaur zombie (D:5)
  4 jellies
  A centaur skeleton (D:5)
  5 orc priests
  A scorpion zombie (D:5)
  2 iguanas (D:6)
  7 orc wizards
  4 troll simulacra (IceCv)
  2 polar bear simulacra (IceCv)
  6 spriggan simulacra (IceCv)
  2 wolf simulacra (IceCv)
  A hound skeleton (D:5)
  14 mummies
  9 adders
  8 gnolls
  4 naga simulacra (IceCv)
  23 white imps
  7 ufetubi
  4 worms (D:2)
  A dart slug (D:5)
  29 orcs
  2 ball pythons
  5 bats
  7 endoplasms
  7 giant cockroaches
  4 goblins
  6 hobgoblins
  4 jackals (D:3)
  9 kobolds
  6 quokkas
  9 frilled lizards
  2 gnoll skeletons (Ossuary)
  A goblin skeleton (Ossuary)
  4 kobold skeletons (Ossuary)
  An orc skeleton (Ossuary)
  7 rats
  11 rat skeletons (Ossuary)
407 creatures vanquished.

Vanquished Creatures (collateral kills)
  An elephant (Lair:5)
  A cane toad (Lair:3)
2 creatures vanquished.

Vanquished Creatures (others)
  17 fungi
  28 plants
  9 withered plants (D:3)
54 creatures vanquished.

Grand Total: 463 creatures vanquished

Notes
Turn   | Place    | Note
-------+----------+-------------------------------------------
     0 | D:5      | drugrobin the Demigod Delver began the quest for the Orb.
     0 | D:5      | Reached XP level 1. HP: 18/18 MP: 3/3
     8 | D:5      | Noticed a phantom
    21 | D:5      | Reached skill level 2 in Unarmed Combat
    21 | D:5      | Reached XP level 2. HP: 13/26 MP: 4/4
    69 | D:5      | Killed a phantom
    70 | D:5      | Reached XP level 3. HP: 13/33 MP: 5/5
    70 | D:5      | Reached XP level 4. HP: 15/40 MP: 6/6
   109 | D:5      | Reached skill level 3 in Unarmed Combat
   171 | D:5      | Found a sand-covered staircase.
   200 | D:5      | HP: 1/41 [centaur skeleton (2)]
   201 | Ossuary  | Entered an ossuary
   384 | Ossuary  | Reached XP level 5. HP: 23/47 MP: 7/7
   625 | Ossuary  | Reached skill level 4 in Unarmed Combat
  1163 | Ossuary  | Reached XP level 6. HP: 53/53 MP: 8/8
  1191 | D:5      | Reached skill level 5 in Unarmed Combat
  1537 | D:5      | Noticed a water moccasin
  1540 | D:5      | Killed a water moccasin
  1541 | D:5      | Reached skill level 6 in Unarmed Combat
  2030 | D:2      | Reached XP level 7. HP: 55/60 MP: 9/9
  2150 | D:1      | Found Ejyer's Assorted Antiques.
  2196 | D:1      | Bought a smoky brown potion for 24 gold pieces
  2196 | D:1      | Bought a scroll labelled AQOUTAYSYZ for 27 gold pieces
  2196 | D:1      | Bought a scroll labelled RIODEC ALOPH for 27 gold pieces
  2510 | D:1      | Noticed a komodo dragon
  2510 | D:1      | Noticed a polar bear
  2510 | D:1      | Noticed a lindwurm
  4001 | D:4      | Found Kulu's Magic Scroll Shop.
  4004 | D:4      | Bought a scroll of identify for 20 gold pieces
  4004 | D:4      | Bought a scroll of immolation for 40 gold pieces
  4189 | D:4      | Reached skill level 7 in Unarmed Combat
  4369 | D:4      | Found a runed translucent gate.
  4370 | D:4      | Found a runed translucent gate.
  4371 | D:4      | Found a runed translucent gate.
  4371 | D:4      | Noticed zinnoa's ghost (amateur MeWr)
  4378 | D:4      | Identified the +1 ring mail of Salvation {rN+ Will- Dex+3}
  5249 | D:5      | Reached skill level 8 in Unarmed Combat
  5551 | D:5      | Reached XP level 8. HP: 67/67 MP: 10/10
  5717 | D:5      | Reached skill level 9 in Unarmed Combat
  5877 | D:5      | Noticed Edmund
  5899 | D:5      | Killed Edmund
  5996 | D:5      | Noticed Sigmund
  6002 | D:5      | Killed Sigmund
  6094 | D:5      | Reached skill level 10 in Unarmed Combat
  7014 | D:6      | Found a staircase to the Ecumenical Temple.
  7173 | D:6      | Reached XP level 9. HP: 60/72 MP: 11/11
  7471 | D:7      | Reached skill level 11 in Unarmed Combat
  7705 | D:7      | Learned a level 3 spell: Tukima's Dance
  8068 | D:7      | Reached skill level 12 in Unarmed Combat
  8302 | D:7      | Learned a level 5 spell: Blade Hands
  8751 | D:8      | Reached skill level 1 in Spellcasting
  8852 | D:8      | HP: 3/72 [poisoned by a water moccasin]
  8870 | D:8      | Reached skill level 13 in Unarmed Combat
  8870 | D:8      | Reached XP level 10. HP: 18/80 MP: 16/16
  9082 | D:8      | Found a staircase to the Lair.
 10220 | D:8      | Noticed a centaur warrior
 10220 | D:8      | Noticed a centaur warrior
 10237 | D:8      | Noticed a two-headed ogre
 10237 | D:8      | HP: 4/80 [centaur warrior (6)]
 10517 | D:8      | Killed a centaur warrior
 10518 | D:8      | Reached skill level 14 in Unarmed Combat
 10530 | D:8      | Identified the +3 war axe "Manumuso" {freeze, Int+4}
 10530 | D:8      | Noticed a centaur warrior
 10531 | D:8      | a centaur warrior changed into a komodo dragon
 10652 | D:8      | Identified the +2 sling of Gucrum {flame, Int+2}
 10657 | D:8      | Killed a centaur warrior
 10721 | D:8      | Killed a two-headed ogre
 10722 | D:8      | Reached skill level 5 in Fighting
 10739 | D:8      | Reached XP level 11. HP: 77/88 MP: 20/20
 11126 | D:8      | Noticed a centaur warrior
 11127 | D:8      | Noticed a centaur warrior
 11245 | Lair:1   | Entered Level 1 of the Lair of Beasts
 11253 | Lair:1   | Learned a level 1 spell: Summon Small Mammal
 11746 | Lair:1   | Reached skill level 15 in Unarmed Combat
 13774 | D:1      | Bought a wand of paralysis (1) for 64 gold pieces
 13774 | D:1      | Bought a scroll labelled RIODEC ALOPH for 27 gold pieces
 13821 | D:4      | Bought a scroll of identify for 20 gold pieces
 13821 | D:4      | Bought a scroll of identify for 20 gold pieces
 13821 | D:4      | Bought a scroll of identify for 20 gold pieces
 13821 | D:4      | Bought a scroll of enchant armour for 75 gold pieces
 13821 | D:4      | Bought a scroll of fog for 40 gold pieces
 13919 | D:8      | Killed a centaur warrior
 13924 | D:8      | Killed a centaur warrior
 14092 | D:4      | Bought a scroll of enchant weapon for 75 gold pieces
 14100 | D:4      | Identified a scroll of acquirement
 14112 | D:4      | Acquired 618 gold pieces
 14486 | Lair:2   | Reached skill level 16 in Unarmed Combat
 14727 | Lair:2   | Found a staircase to the Snake Pit.
 15163 | Lair:2   | Noticed Amaemon
 15364 | Lair:2   | Killed Amaemon
 15873 | Lair:2   | Found a staircase to the Swamp.
 16532 | Lair:3   | Found a frozen archway.
 16654 | IceCv    | Entered an ice cave
 17104 | IceCv    | Reached XP level 12. HP: 105/105 MP: 21/21
 17847 | IceCv    | Reached skill level 10 in Fighting
 18101 | IceCv    | Noticed a reaper
 18650 | IceCv    | Killed a reaper
 19396 | Lair:3   | Reached skill level 17 in Unarmed Combat
 19814 | Lair:3   | Noticed Josephine
 19893 | Lair:3   | Josephine changed into Josephine the elephant
 19893 | Lair:3   | Noticed Josephine
 19908 | Lair:3   | Killed Josephine the elephant
 20106 | Lair:3   | Identified the +5 long sword "Killer Bee's Foe" {heavy,
                  | rF+}
 22278 | Lair:5   | Entered Level 5 of the Lair of Beasts
 22278 | Lair:5   | Found a staircase to the Slime Pits.
 22420 | Lair:5   | Found a transporter.
 22423 | Lair:5   | Noticed a four-headed hydra
 22427 | Lair:5   | Noticed drewk1942's ghost (journeyman GrEE)
 22556 | Lair:5   | Found a transporter.
 23073 | Lair:5   | Reached skill level 18 in Unarmed Combat
 23201 | Lair:5   | Identified the +6 dagger of Wrongful Imprisonment {venom,
                  | rPois rCorr}
 23551 | Lair:5   | Reached XP level 13. HP: 93/119 MP: 22/22
 23735 | Lair:5   | HP: 2/119 [death yak (23)]
 23741 | Lair:5   | Slain by a death yak

Illustrated notes

Levels and vault maps discovered:
D:1:      onia_arrival_zoo_common, layout_rooms, serial_shops, shop_statue,
          minmay_split_cup_large
D:2:      layout_loops_ring, minmay_pentomino_v2
D:3:      layout_loops_ring, kiku_gazebo_garden_becter
D:4:      layout_basic, nicolae_elyvilon_temple_path, minitemple,
          biasface_ghost_orc_armoury, eino_curves_02, nicolae_stop_n_shop_1
D:5:      layout_cave_pools, pdpol_wu_jian_five_deadly_venoms, serial_undead,
          serial_undead_b, serial_undead_d, serial_undead_a, serial_undead_a,
          gup_ossuary_entry_pyramid, minmay_misc_feat_alley,
          kennysheep_big_empty_room, sigmund_edmund_badplayer
D:6:      layout_cave_pools, temple_green
D:7:      layout_gridville, fountainhead, kennysheep_generic_room_9
D:8:      minmay_the_grid_triangle_9x9_rhombus_full
          [minmay_the_grid_triangle_9x9_pentomino_pain,
          minmay_the_grid_triangle_9x9_corrupted_corridor,
          minmay_the_grid_triangle_9x9_impossible_snake,
          minmay_the_grid_triangle_9x9_warning,
          minmay_the_grid_triangle_9x9_from_above,
          minmay_the_grid_triangle_9x9_cache,
          minmay_the_grid_triangle_9x9_shrine,
          minmay_the_grid_triangle_9x9_prize_insulated], layout_gridville,
          mainiacjoe_overflow_cross_hatched, mainiacjoe_overflow_tiny_flanked,
          minmay_lair_entry_grove, lightli_corner_chamber
D:9:      layout_roguey, hex_tiny, minivault_16
Lair:1:   layout_misc_corridors
Lair:2:   layout_cave_pods, swamp_mist, minmay_snake_entry_guardpost_medium,
          uniq_amaemon
Lair:3:   layout_misc_corridors, portal_ice_cave_entry_imps,
          serial_bayou_shore_b, uniq_josephine
Lair:4:   dreamdust_cave_troll, layout_regular_city
Lair:5:   grunt_lair_end_beastmaster, layout_hall_layers, slime_entry_1,
          nzn_ghost_randoct, serial_bayou_shore_b

Skill      XL: |  1  2  3  4  5  6  7  8  9 10 11 12 |
---------------+-------------------------------------+-----
Fighting       | 3 4 5 9 12 | 12.7
Unarmed Combat | 2 3 4 6 8 10 13 14 16 18 | 18.2
Spellcasting   | 2 4 |  4.0
Dodging        | |  1.7
Stealth        | |  4.5

Action                     |  1- 3 |  4- 6 |  7- 9 | 10-12 | 13-15 || total
---------------------------+-------+-------+-------+-------+-------++-------
  Melee: War axe           |    13 |   101 |       |       |       ||   114
         Punch             |       |    13 |    33 |    87 |     9 ||   142
         Unarmed           |       |    93 |   548 |   778 |    20 ||  1439
         Dagger            |       |       |       |     8 |    17 ||    25
         Demon whip        |       |       |       |     7 |       ||     7
   Fire: Sling             |       |       |     5 |   514 |       ||   519
  Throw: Boomerang         |       |       |    44 |    71 |       ||   115
         Dart              |       |       |    13 |     5 |       ||    18
         Throwing net      |       |       |     4 |       |       ||     4
   Cast: Summon Small Mamm |       |       |       |    68 |       ||    68
  Evoke: Wand              |     1 |     2 |     4 |    16 |       ||    23
    Use: Potion            |       |       |     6 |     1 |     1 ||     8
         Scroll            |       |       |       |    24 |       ||    24
   Stab: Sleeping          |       |    15 |     2 |     2 |       ||    19
         Held in net/web   |       |       |     3 |       |       ||     3
         Distracted        |       |       |       |     3 |       ||     3
         Petrified         |       |       |       |       |     2 ||     2
 Armour: Leather armour    |     2 |    39 |       |   125 |     9 ||   175
         Chain mail        |       |       |   207 |     5 |       ||   212
         Steam dragon scal |       |       |    25 |    36 |       ||    61
         Scale mail        |       |       |       |    26 |       ||    26
  Dodge: Dodged            |    15 |   114 |   197 |   292 |    17 ||   635
  Block: Other             |       |       |    12 |   137 |    10 ||   159
         Reflection        |       |       |       |     1 |       ||     1

Table legend: (Time is in decaauts)
 A = Elapsed time spent in this place.
 B = Non-inter-level travel time spent in this place.
 C = Inter-level travel time spent in this place.
 D = Time resting spent in this place.
 E = Time spent auto-exploring this place.
 F = Levels seen in this place.
 G = Mean time per level.
                   A        B        C        D        E       F      G
               +--------+--------+--------+--------+--------+-----+--------+
         Total |  23813 |  22526 |   1287 |   6017 |  10935 |  16 | 1488.3 |
       Dungeon |  10763 |   9989 |    774 |   1713 |   5789 |   9 | 1195.9 |
          Lair |   9614 |   9102 |    512 |   3134 |   4372 |   5 | 1922.8 |
       Ossuary |   1025 |   1025 |      0 |    501 |    211 |   1 | 1025.0 |
      Ice Cave |   2410 |   2410 |      0 |    668 |    563 |   1 | 2410.0 |
               +--------+--------+--------+--------+--------+-----+--------+

Top non-repeatable levels by time:
  Lair:2: 2871 daAuts
     D:8: 2499 daAuts
   IceCv: 2410 daAuts
  Lair:3: 1889 daAuts
     D:5: 1740 daAuts
  Lair:1: 1732 daAuts
  Lair:4: 1728 daAuts
     D:7: 1560 daAuts
  Lair:5: 1391 daAuts
     D:4: 1328 daAuts
     D:6: 1168 daAuts
 Ossuary: 1025 daAuts
     D:2: 955 daAuts
     D:3: 912 daAuts
     D:1: 596 daAuts
